 Dungeon Crawl Stone Soup version 0.20.0-15-g7f486f2 (webtiles) character file.

259 tilp the Firebug (level 6, -2/45 HPs)
             Began as a Hill Orc Fire Elementalist on June 10, 2017.
             Killed by nerve-wracking pain
             ... invoked by an orc priest
              (12 damage)
             ... on level 3 of the Dungeon.
             The game lasted 00:11:49 (4006 turns).

tilp the Firebug (Hill Orc Fire Elementalist)       Turns: 4006, Time: 00:11:50

Health: -2/45      AC:  4    Str: 11    XL:     6   Next: 17%
Magic:  2/10       EV: 12    Int: 20    God:
Gold:   90         SH:  0    Dex: 11    Spells: 2/10 levels left

rFire    . . .     SeeInvis .   d - +0 short sword
rCold    . . .     Gourm    .   (no shield)
rNeg     . . .     Faith    .   a - +0 robe
rPois    .         Spirit   .   f - +1 helmet {Int+3}
rElec    .         Reflect  .   (no cloak)
rCorr    .         Harm     .   (no gloves)
MR       .....                  (no boots)
Stlth    ++........             (no amulet)
Regen    0.2/turn               (no ring)
MPRegen  0.2/turn               (no ring)

@: no status effects
A: no striking features
a: Convert to Beogh


You were on level 3 of the Dungeon.
You were not hungry.

You visited 1 branch of the dungeon, and saw 3 of its levels.

You collected 90 gold pieces.

Inventory:

Hand Weapons
 d - a +0 short sword (weapon)
Armour
 a - a +0 robe (worn)
 f - a +1 helmet of intelligence (worn)
 l - a +0 shield
Jewellery
 x - an uncursed amulet of harm {unknown}
 y - a cursed ring of loudness {unknown}
Wands
 v - a wand of scattershot (4/9)
Scrolls
 g - 2 scrolls of remove curse
 j - 3 scrolls of amnesia {unknown}
 k - a scroll of enchant weapon {unknown}
 m - a scroll of identify
 n - a scroll of recharging {unknown}
 q - a scroll of teleportation {unknown}
 s - a scroll of magic mapping {unknown}
 u - a scroll of random uselessness {unknown}
Potions
 e - a potion of heal wounds
 p - 2 potions of curing
 r - a potion of lignification
 w - a potion of haste {unknown}
 z - 2 potions of agility {unknown}
Books
 b - a book of Flames

   Spells                             Type                      Level
   a - Flame Tongue                   Conjuration/Fire             1
   b - Throw Flame                    Conjuration/Fire             2
   c - Conjure Flame                  Conjuration/Fire             3
   d - Inner Flame                    Hexes/Fire                   3
   e - Sticky Flame                   Conjuration/Fire             4
   f - Fireball                       Conjuration/Fire             5
Comestibles
 c - 2 bread rations
 h - a royal jelly
 i - 9 fruits
 o - a meat ration
 t - 2 chunks of flesh


   Skills:
 + Level 2.5 Short Blades
 - Level 1.5 Dodging
 - Level 1.5 Stealth
 * Level 2.9 Spellcasting
 * Level 2.8 Conjurations
 + Level 4.5 Fire Magic


You had 2 spell levels left.
You knew the following spells:

 Your Spells              Type           Power        Failure   Level  Hunger
a - Flame Tongue          Conj/Fire      ###..        3%          1    None
b - Conjure Flame         Conj/Fire      ###.....     10%         3    ###....
c - Sticky Flame          Conj/Fire      ###.....     30%         4    ####...


Dungeon Overview and Level Annotations

Branches:
Dungeon (3/15)

Altars:
Fedhas
Kikubaaqudgha
Qazlal
Sif Muna


Message History

The flame tongue hits the orc.
You kill the orc!
Casting: Flame Tongue
Confirm with . or Enter, or press ? or * to list all spells.
Aiming: Flame Tongue
Press: ? - help, Shift-Dir - straight line, f - orc priest
Aim: an orc priest, wielding a mace The flame tongue hits the orc priest.
The orc priest is heavily wounded.
The orc priest shouts, "Beogh is our master!
Accept the truth or die!"
Casting: Flame Tongue
Confirm with . or Enter, or press ? or * to list all spells.
Aiming: Flame Tongue
Press: ? - help, Shift-Dir - straight line, f/p - orc priest
Aim: an orc priest, wielding a mace (heavily wounded)
The flame tongue hits the orc priest.
The orc priest is heavily wounded.
The orc priest invokes the aid of Beogh against you.
Pain shoots through your body!
You die...

#.##.#.......###......).##....
#..#.##........(...(..........
##.........)..................
##.....................##....
##...........#.)......##....
#............#####...###..._
..#..........# ##...# #....
####.........[####....# #....
#.†(.....@.#....#..#######
o.)o(###(#...##o.#.......#
####.....##...#)##.......#
#########.....#.......#
#.....#.......#
#.....#.......#
###############


You could see an orc priest.

Vanquished Creatures
  An orc priest (D:3)
  An orc wizard (D:3)
  Jessica (D:2)
  Robin (D:2)
  5 adders
  3 worms
  2 dart slugs
  4 leopard geckos
  7 orcs (D:3)
  2 giant cockroaches
  12 hobgoblins
  7 jackals
  2 quokkas
  2 ball pythons
  13 bats
  4 frilled lizards
  13 goblins
  9 kobolds
  5 rats
94 creatures vanquished.

Notes
Turn   | Place    | Note
-------+----------+-------------------------------------------
     0 | D:1      | tilp the Hill Orc Fire Elementalist began the quest for the Orb.
     0 | D:1      | Reached XP level 1. HP: 14/14 MP: 3/3
   321 | D:1      | Reached XP level 2. HP: 16/20 MP: 2/4
   684 | D:1      | Reached XP level 3. HP: 24/26 MP: 3/5
   689 | D:1      | Learned a level 3 spell: Conjure Flame
  1263 | D:2      | Reached skill level 4 in Fire Magic
  1583 | D:2      | Reached XP level 4. HP: 28/33 MP: 0/7
  1702 | D:2      | Reached skill level 1 in Short Blades
  1939 | D:2      | Noticed Robin
  2166 | D:2      | Killed Robin
  2535 | D:2      | Noticed Jessica
  2539 | D:2      | Killed Jessica
  2539 | D:2      | Reached XP level 5. HP: 38/38 MP: 5/8
  2598 | D:2      | Found a stormy altar of Qazlal.
  3431 | D:3      | Learned a level 4 spell: Sticky Flame
  3569 | D:3      | Found a blossoming altar of Fedhas.
  3571 | D:3      | Found an ancient bone altar of Kikubaaqudgha.
  3928 | D:3      | Found a deep blue altar of Sif Muna.
  3982 | D:3      | Reached XP level 6. HP: 23/45 MP: 6/10
  4006 | D:3      | Killed from afar by an orc priest

Skill      XL: |  1  2  3  4  5 |
---------------+----------------+-----
Spellcasting   | 2 |  2.9
Fire Magic     | 4 |  4.5
Short Blades   | 1 2 |  2.5
Conjurations   | 2 |  2.8
Dodging        | |  1.5
Stealth        | |  1.5

Action                   |  1- 3 |  4- 6 || total
-------------------------+-------+-------++-------
Melee: Short sword       |    59 |   128 ||   187
 Cast: Flame Tongue      |    35 |    78 ||   113
       Sticky Flame      |       |     2 ||     2
  Use: Scroll            |       |     4 ||     4
 Stab: Sleeping          |       |     2 ||     2
  Eat: Chunk             |     3 |     8 ||    11
Armor: Robe              |    12 |    28 ||    40
Dodge: Dodged            |    40 |   104 ||   144
